 Dungeon Crawl Stone Soup version 0.30-a0-1163-gf69bf04e7a (webtiles) character file.

Game seed: 10639843077836031192

75 graymark the Firebug (level 4, -2/30 HPs)
             Began as a Demonspawn Fire Elementalist on Apr 28, 2023.
             Slain by a hound (4 damage)
             ... on level 3 of the Dungeon.
             The game lasted 00:07:14 (2258 turns).

graymark the Firebug (Demonspawn Fire Elementalist) Turns: 2258, Time: 00:07:14

Health: -2/30      AC:  2    Str:  9    XL:     4   Next: 11%
Magic:  1/7        EV: 12    Int: 18    God:
Gold:   143        SH:  0    Dex: 13    Spells: 5/8 levels left

rFire   + . .        j - +2 dagger (freeze)
rCold   . . .        (no shield)
rNeg    . . .        a - +0 robe
rPois   .            (no helmet)
rElec   .            (no cloak)
rCorr   .            (no gloves)
SInv    .            (no boots)
Will    .....        (no amulet)
Stlth   ++           g - ring of protection from fire
HPRegen 0.25/turn    (no ring)
MPRegen 0.10/turn

%: no passive effects
@: no status effects
A: powered by pain 1, demonic touch 2
a: no special abilities


You were on level 3 of the Dungeon.
You visited 1 branch of the dungeon, and saw 4 of its levels.

You collected 143 gold pieces.

Inventory:

Hand Weapons
 d - a +0 sling
 j - a +2 dagger of freezing (weapon)
 o - the +6 shortbow of the Moon {freeze, *Slow rC+++ rCorr Stlth+}
   (You found it on level 2 of the Dungeon)

   rC:        It renders you almost immune to cold.
   rCorr:     It protects you from acid and corrosion.
   *Slow:     It may slow you when you take damage.
   Stlth:     It makes you more stealthy.
Missiles
 e - 58 stones
Armour
 a - a +0 robe (worn)
Jewellery
 g - a ring of protection from fire (left hand)
Scrolls
 f - a scroll of enchant armour {unknown}
 h - a scroll of vulnerability {unknown}
 i - a scroll of teleportation
 l - a scroll of enchant weapon {unknown}
 m - a scroll of noise {unknown}
Potions
 b - a potion of magic
 c - a potion of heal wounds
 k - a potion of might
 n - a potion of brilliance
 p - a potion of invisibility


   Skills:
 + Level 2.3 Dodging
 + Level 2.4 Stealth
 + Level 2.5 Spellcasting
 + Level 1.9 Conjurations
 + Level 3.1 Fire Magic


You had 5 spell levels left.
You knew the following spells:

 Your Spells              Type           Power      Damage    Failure   Level
a - Foxfire               Conj/Fire      44%        2x1d6     6%          1
b - Scorch                Fire           26%        2d6       7%          2

Your spell library contained the following spells:

 Spells                   Type           Power      Damage    Failure   Level
 Inner Flame              Hex/Fire       7%         N/A       26%         3
 Volatile Blastmotes      Fire/Tloc      14%        2d11      26%         3
 Flame Wave               Conj/Fire      11%        2d6       52%         4


Dungeon Overview and Level Annotations

Branches:
Dungeon (4/15)
 Temple: D:4-7

Altars:

Annotations:
D:3 Robin


Innate Abilities, Weirdness & Mutations

You sometimes gain a little power by taking damage.
Your touch may inflict irresistible damage on your foes.


Message History

Flames lash the hound.
The hound is moderately wounded.
The hound's fire resistance burns away.
The hound barely misses you. The hound bites you.
The hound attacks as you move away! The hound closely misses you.
The hound is no longer more vulnerable to fire.
The hound closely misses you.
Casting: Scorch (safe; 7% risk of failure)
Confirm with . or Enter, or press ? or * to list all spells.
You conjure some foxfire!
The hound bites you.
Your foxfire dissipates!
The hound attacks as you move away! The hound misses you.
The foxfire hits the hound.
The hound is heavily wounded.
The hound bites you but does no damage. The hound attacks as you move away!
The hound bites you but does no damage.
Casting: Foxfire (safe; 6% risk of failure)
Confirm with . or Enter, or press ? or * to list all spells.
Flames lash the hound.
The hound is heavily wounded.
The hound's fire resistance burns away.
The hound closely misses you. The hound barely misses you.
The hound attacks as you move away! The hound closely misses you.
The hound barely misses you.
The hound is no longer more vulnerable to fire.
You closely miss the hound.
The hound is heavily wounded.
The hound bites you. The hound closely misses you.
You hit the hound. You freeze the hound.
The hound is almost dead.
The hound bites you.
* * * LOW HITPOINT WARNING * * *
Casting: Scorch (safe; 7% risk of failure)
Confirm with . or Enter, or press ? or * to list all spells.
You conjure some foxfire!
The hound barely misses you. x2
Your foxfire dissipates!
The hound attacks as you move away! The hound bites you.
* * * LOW HITPOINT WARNING * * *
The hound bites you.
You die...

#### #..
#.# #@#
#h# ##
#.# ..
#.# .#
#.# .#
#.# .#
#.####.#
#......#
########


You could see a hound.

Vanquished Creatures
  2 adders (D:2)
  A worm (D:2)
  3 dart slugs
  4 endoplasms
  4 giant cockroaches
  7 goblins
  4 hobgoblins (D:2)
  3 jackals (D:1)
  4 kobolds (D:2)
  A quokka (D:2)
  3 ball pythons
  A bat (D:1)
  2 frilled lizards (D:1)
  2 rats (D:2)
41 creatures vanquished.

Vanquished Creatures (others)
  74 foxfires
74 creatures vanquished.

Grand Total: 115 creatures vanquished

Notes
Turn   | Place    | Note
-------+----------+-------------------------------------------
     0 | D:1      | graymark the Demonspawn Fire Elementalist began the quest
                  | for the Orb.
     0 | D:1      | Reached XP level 1. HP: 13/13 MP: 3/3
   196 | D:1      | Gained mutation: Your touch may inflict minor irresistible
                  | damage on your foes. [demonic ancestry]
   196 | D:1      | Reached XP level 2. HP: 19/19 MP: 3/5
  1113 | D:2      | Gained mutation: Your touch may inflict irresistible damage
                  | on your foes. [demonic ancestry]
  1113 | D:2      | Reached XP level 3. HP: 24/24 MP: 0/6
  1184 | D:2      | Reached skill level 3 in Fire Magic
  1836 | D:2      | Identified the +6 shortbow of the Moon {freeze, *Slow rC+++
                  | rCorr Stlth+}
  1953 | D:2      | Found a faded altar of an unknown god.
  2062 | D:2      | Gained mutation: You sometimes gain a little power by
                  | taking damage. [demonic ancestry]
  2062 | D:2      | Reached XP level 4. HP: 30/30 MP: 7/7
  2182 | D:3      | Learned a level 2 spell: Scorch
  2199 | D:3      | Noticed Robin
  2258 | D:3      | Slain by a hound

Illustrated notes

Levels and vault maps discovered:
D:1:      minmay_arrival_shattered_statue, layout_basic, chequers_mini_garden
D:2:      minmay_inner_zag, layout_basic, chequers_ecumenical_altar_island
D:3:      layout_basic, lemuel_round_altar, due_unseen_surprise, uniq_robin
D:4:      layout_cave_pools, old_standard_altar,
          minmay_temple_entry_glassed_door, grunt_decor_arrowhead

Skill      XL: |  1  2  3 |
---------------+----------+-----
Stealth        | 2 |  2.4
Dodging        | 2 |  2.3
Fire Magic     | 3 |  3.1
Spellcasting   | |  2.5
Conjurations   | |  1.9

Action                     |  1- 3 |  4- 6 || total
---------------------------+-------+-------++-------
  Melee: Unarmed           |     7 |       ||     7
         Dagger            |    23 |     6 ||    29
         Touch             |     3 |     1 ||     4
   Fire: Sling             |    32 |       ||    32
   Cast: Foxfire           |    51 |     4 ||    55
         Scorch            |       |     4 ||     4
    Use: Scroll            |     5 |       ||     5
         Potion            |     1 |       ||     1
   Stab: Sleeping          |     3 |       ||     3
 Armour: Robe              |     7 |     3 ||    10
  Dodge: Dodged            |    34 |    19 ||    53

Table legend: (Time is in decaauts)
 A = Elapsed time spent in this place.
 B = Non-inter-level travel time spent in this place.
 C = Inter-level travel time spent in this place.
 D = Time resting spent in this place.
 E = Time spent auto-exploring this place.
 F = Levels seen in this place.
 G = Mean time per level.
                   A        B        C        D        E       F      G
               +--------+--------+--------+--------+--------+-----+--------+
         Total |   2272 |   2173 |     99 |    191 |   1551 |   4 |  568.0 |
       Dungeon |   2272 |   2173 |     99 |    191 |   1551 |   4 |  568.0 |
               +--------+--------+--------+--------+--------+-----+--------+

Top non-repeatable levels by time:
     D:2: 1079 daAuts
     D:1: 1029 daAuts
     D:3: 134 daAuts
     D:4: 28 daAuts
